 Dungeon Crawl Stone Soup version 0.29-a0-923-g6e406bff71 (webtiles) character file.

Game seed: 15743780048381275607

62 xian the Sneak (level 3, -4/16 HPs)
             Began as a Spriggan Summoner on July 27, 2022.
             Killed from afar by Crazy Yiuf (11 damage)
             ... with a puff of flame
             ... on level 2 of the Dungeon.
             The game lasted 00:09:35 (2196 turns).

xian the Sneak (Spriggan Summoner)                  Turns: 2196, Time: 00:09:36

Health: -4/16      AC:  2    Str:  4    XL:     3   Next: 85%
Magic:  0/8        EV: 17    Int: 16    God:
Gold:   57         SH:  0    Dex: 17    Spells: 2/8 levels left

rFire   . . .      SeeInvis +   j - +0 dagger
rCold   . . .      Faith    .   (no shield)
rNeg    . . .      Spirit   .   a - +0 robe
rPois   .          Reflect  .   (helmet restricted)
rElec   .          Harm     .   (no cloak)
rCorr   .          Rampage  .   (gloves unavailable)
Will    .....                   (boots unavailable)
Stlth   +++.......              (no amulet)
HPRegen 0.05/turn               (no ring)
MPRegen 0.11/turn               (no ring)

@: studying Throwing, very quick
A: very small, no large weapons, unfitting armour, see invisible, speed 3
a: no special abilities


You were on level 2 of the Dungeon.
You visited 1 branch of the dungeon, and saw 2 of its levels.

You collected 57 gold pieces.

Inventory:

Hand Weapons
 j - a +0 dagger (weapon)
Armour
 a - a +0 robe (worn)
Scrolls
 d - a scroll of identify {unknown}
 h - a scroll of enchant weapon {unknown}
 k - a scroll of magic mapping {unknown}
 l - a scroll of fog {unknown}
 m - a scroll of teleportation {unknown}
Potions
 b - a potion of magic
 c - a potion of mutation {unknown}
 e - a potion of flight {unknown}
 f - 3 potions of attraction {unknown}
 g - a potion of berserk rage {unknown}
 i - a potion of lignification {unknown}


   Skills:
 + Level 0.2 Fighting
 * Level 1.0 Short Blades
 - Level 0.2 Polearms
 * Level 1.0 Throwing
 + Level 2.8 Dodging
 + Level 3.9 Stealth
 + Level 3.3 Spellcasting
 + Level 3.7 Summonings


You had 2 spell levels left.
You knew the following spells:

 Your Spells              Type           Power      Damage    Failure   Level
a - Summon Small Mammal   Summ           56%        N/A       3%          1
b - Call Imp              Summ           14%        N/A       6%          2
c - Call Canine Familiar  Summ           14%        N/A       12%         3

Your spell library contained the following spells:

 Spells                   Type           Power      Damage    Failure   Level
 Summon Guardian Golem    Hex/Summ       8%         N/A       26%         3
 Summon Lightning Spire   Summ/Air       8%         N/A       63%         4


Dungeon Overview and Level Annotations

Branches:
Dungeon (2/15)

Altars:

Annotations:
D:2 Crazy Yiuf


Innate Abilities, Weirdness & Mutations

You are very small and have problems with some larger weapons.
You are too small for most types of armour.
You have supernaturally acute eyesight. (SInv)
You cover ground extremely quickly. (Speed+++)


Message History

Crazy Yiuf hits your iron imp with a +2 quarterstaff of chaos!
Crazy Yiuf says, "Spliff!"
Crazy Yiuf hits your iron imp with a +2 quarterstaff of chaos!
Your iron imp dies!
Your iron imp disappears in a puff of smoke!
You throw a poisoned dart.
The poisoned dart closely misses Crazy Yiuf.
You throw a poisoned dart.
The poisoned dart barely misses Crazy Yiuf.
You throw a poisoned dart.
The poisoned dart closely misses Crazy Yiuf.
Crazy Yiuf grits, "You bag noodlescoop!"
You throw a poisoned dart. The poisoned dart hits Crazy Yiuf.
Crazy Yiuf is poisoned.
Crazy Yiuf is heavily wounded.
Crazy Yiuf hits you with a +2 quarterstaff of chaos!
Ouch! That really hurt!
You resist with some effort.
Your magical contamination has completely faded away.
Crazy Yiuf yells, "Leather horse sow!"
Nothing quivered!
Unknown command.
You see here a +0 club.
You see here a +0 club.
Crazy Yiuf says, "Earwax!
Cake disdain sanguine."
You aren't carrying any items that you can evoke.
Casting: Call Imp (safe; 6% risk of failure)
Confirm with . or Enter, or press ? or * to list all spells.
A beastly little devil appears in a puff of flame.
There is an escape hatch in the ceiling here.
Crazy Yiuf says, "Crazy?
Crazy!?
PORCUPINE!"
Your crimson imp hits Crazy Yiuf but does no damage.
Crazy Yiuf hits your crimson imp with a +2 quarterstaff of chaos!
Crazy Yiuf freezes your crimson imp.
Your crimson imp dies!
Your crimson imp disappears in a puff of smoke!
Unknown command.
Crazy Yiuf zaps a wand.
The puff of flame hits you!
Ouch! That really hurt!
You die...

♣♣......# #.# ♣..g....# #.#
(♣....#.# #.# ♣♣♣♣###g# #.#
#)# #.# ###.# #.#
#...########.########## #
#......g§...<.........##.#
#..###.#####@##..[.†.....#
#..# #....##.##.#####.####
#..###.##.............#
#####......#####.##.#####.#
................#.#†#
#.#####.#
.###.##...######.##.#
#.......# .# #.###.### #.#
###.##### .# #.# #...#
#>##.# #.# .# #.#####.#
#.##.# #.#


You could see Crazy Yiuf.

Vanquished Creatures
  A dart slug (D:1)
  An endoplasm (D:1)
  2 giant cockroaches (D:1)
  2 hobgoblins (D:1)
  A jackal (D:1)
  3 bats (D:1)
  2 frilled lizards (D:1)
  A kobold (D:1)
  4 rats
17 creatures vanquished.

Vanquished Creatures (collateral kills)
  Robin (D:2)
  A dart slug (D:2)
  2 ball pythons
  An endoplasm (D:1)
  9 goblins
  4 hobgoblins
  A jackal (D:1)
  2 kobolds (D:2)
  A quokka (D:1)
  A bat (D:2)
  2 frilled lizards (D:2)
25 creatures vanquished.

Vanquished Creatures (others)
  A fungus (D:1)
1 creature vanquished.

Grand Total: 43 creatures vanquished

Notes
Turn   | Place    | Note
-------+----------+-------------------------------------------
     0 | D:1      | xian the Spriggan Summoner began the quest for the Orb.
     0 | D:1      | Reached XP level 1. HP: 9/9 MP: 5/5
   462 | D:1      | Reached XP level 2. HP: 2/13 MP: 0/6
  1368 | D:1      | Found a faded altar of an unknown god.
  1670 | D:2      | Noticed Robin
  1697 | D:2      | Learned a level 2 spell: Call Imp
  1709 | D:2      | Reached XP level 3. HP: 8/16 MP: 4/8
  1754 | D:2      | Learned a level 3 spell: Call Canine Familiar
  1799 | D:2      | Killed Robin
  1811 | D:2      | Reached skill level 1 in Short Blades
  1837 | D:2      | Reached skill level 1 in Throwing
  2151 | D:2      | Found a runed translucent door.
  2152 | D:2      | Noticed Crazy Yiuf
  2196 | D:2      | Killed from afar by Crazy Yiuf

Illustrated notes

Levels and vault maps discovered:
D:1:      dpeg_cavernosity, layout_basic,
          hellmonk_ecumenical_altar_leap_of_faith, minmay_pentomino_x4
D:2:      layout_loops_ring, basic_altar, minivault_14, uniq_crazy_yiuf_cottage,
          uniq_robin

Skill      XL: |  1  2  3 |
---------------+----------+-----
Spellcasting   | 3 |  3.3
Short Blades   | 1 |  1.0
Throwing       | 1 |  1.0
Fighting       | |  0.2
Polearms       | |  0.2
Dodging        | |  2.8
Stealth        | |  3.9
Summonings     | |  3.7

Action                   || total
-------------------------++-------
Melee: Spear             ||    50
       Unarmed           ||     4
       Dagger            ||    37
       Punch             ||     2
Throw: Dart              ||     6
 Cast: Summon Small Mamm ||    22
       Call Imp          ||     7
       Call Canine Famil ||     3
 Stab: Sleeping          ||     7
Armor: Robe              ||     9
Dodge: Dodged            ||    76

Table legend: (Time is in decaauts)
 A = Elapsed time spent in this place.
 B = Non-inter-level travel time spent in this place.
 C = Inter-level travel time spent in this place.
 D = Time resting spent in this place.
 E = Time spent auto-exploring this place.
 F = Levels seen in this place.
 G = Mean time per level.
                   A        B        C        D        E       F      G
               +--------+--------+--------+--------+--------+-----+--------+
         Total |   1705 |   1663 |     42 |      0 |   1196 |   2 |  852.5 |
       Dungeon |   1705 |   1663 |     42 |      0 |   1196 |   2 |  852.5 |
               +--------+--------+--------+--------+--------+-----+--------+

Top non-repeatable levels by time:
     D:1: 1267 daAuts
     D:2: 437 daAuts
